[Event "Wch u20 girls"]
[Site "Kocaeli"]
[Date "2013.09.26"]
[Round "13.23"]
[White "Vo, Thi Kim Phung"]
[Black "Shristi, J Shetty"]
[Result "1-0"]
[ECO "D02"]
[WhiteElo "2219"]
[BlackElo "1909"]
[PlyCount "131"]
[EventDate "2013.09.??"]
[EventType "swiss"]
[EventRounds "13"]
[EventCountry "TUR"]
[Source "CBase R.Goldau"]
[SourceDate "2000.03.01"]
[TimeControl "40/5400+30:1800+30"]

1. d4 Nf6 2. Bf4 e6 3. e3 c5 4. c3 Nc6 5. Nd2 d5 6. Ngf3 Bd6 7. Bg3 Bxg3 8.
hxg3 Qd6 9. Bb5 Bd7 10. O-O Ne7 11. Bd3 Qb6 12. Qb3 Qxb3 13. axb3 cxd4 14. exd4 O-O 15. Ne5 Nc6 16. Ndf3 Nxe5 17. Nxe5 Be8 18. b4 Ne4 19. Bxe4 dxe4 20. Rfe1 f6 21. Nc4 f5 22. Nb6 Rb8 23. Rxa7 Bc6 24. Ra5 Rfd8 25. Rea1 Kf7 26. Nc4 Ke7 27. Ne5 Be8 28. f3 exf3 29. gxf3 g5 30. Re1 Kf6 31. Kf2 h5 32. Nd3 Rd6 33. Rae5 Bf7 34. Ra1 h4 35.
gxh4 gxh4 36. Rh1 Rh8 37. Ra5 Be8 38. Ne5 Bc6 39. b5 Be8 40.
Ra8 Rd5 41. b6 Rb5 42. b4 Kg7 43. Rg1+ Kh7 44. Nc4 Rd5 45. Rc8 Rd7 46. Rc7 h3 47. Nd6 Rxc7 48. bxc7 Bd7 49. Rg3 Ra8 50. Rxh3+ Kg7 51. f4 b6 52. c4 Ra2+ 53. Ke1 Ra1+ 54. Kd2 Ra2+ 55. Kc1 Ra1+ 56. Kb2 Rf1 57. Rh4 Rf2+ 58. Kc3 Rf3+ 59. Kd2 Rf2+ 60. Ke3 Ra2 61. c8=Q Bxc8 62. Nxc8 Ra4 63. Nxb6 Rxb4 64. c5 Rb3+ 65. Ke2 Kf7 66. Nc4 1-0

[Event "Wch u20 girls"]
[Site "Kocaeli"]
[Date "2013.09.26"]
[Round "13.24"]
[White "Krumova, Ani"]
[Black "De Seroux, Camille"]
[Result "1-0"]
[ECO "B25"]
[WhiteElo "1993"]
[BlackElo "2108"]
[PlyCount "71"]
[EventDate "2013.09.??"]
[EventType "swiss"]
[EventRounds "13"]
[EventCountry "TUR"]
[Source "CBase R.Goldau"]
[SourceDate "2000.03.01"]
[TimeControl "40/5400+30:1800+30"]

1. e4 c5 2. Nc3 Nc6 3. f4 g6 4. Nf3 Bg7 5. g3 d6 6. Bg2 Nf6 7. O-O O-O 8.
d3 Rb8 9. h3 b5 10. Ne2 b4 11. g4 a5 12. f5 Nd7 13. Qe1 a4 14. Rb1 Nde5 15.
b3 Nxf3+ 16. Rxf3 Qa5 17. Bb2 Ne5 18. Rf1 Bb7 19. Qh4 Rfe8 20.
g5 gxf5 21. Bxe5 Bxe5 22. Rxf5 Rf8 23. Rbf1 Bc8 24. R5f2 axb3 25. axb3 Qa2 26. Kh1 Bd7 27. Nf4 Bd4 28. Rf3 Bc6 29. Rg3 Qb2 30.
Nh5 Kh8 31. Bf3 Ra8 32. Bg4 Ra1 33. Rgf3 Qxc2 34. Nf6 Rxf1+ 35.
Rxf1 Bxf6 36. Bf5 1-0

[Event "Wch u20 girls"]
[Site "Kocaeli"]
[Date "2013.09.26"]
[Round "13.25"]
[White "Saranya, J."]
[Black "Alymbay, Kyzy Aizhan"]
[Result "1-0"]
[ECO "B44"]
[WhiteElo "2094"]
[BlackElo "1820"]
[PlyCount "63"]
[EventDate "2013.09.??"]
[EventType "swiss"]
[EventRounds "13"]
[EventCountry "TUR"]
[Source "CBase R.Goldau"]
[SourceDate "2000.03.01"]
[TimeControl "40/5400+30:1800+30"]

1. e4 c5 2. Nf3 e6 3. d4 cxd4 4. Nxd4 Nc6 5. c4 Nf6 6. Nc3 Bb4 7. Nxc6 dxc6 8. Qxd8+ Kxd8 9. Bd2 e5 10. f3 Be6 11. O-O-O Ke7 12. g4 Bc5 13.
Na4 Bd4 14. Bb4+ Ke8 15. Bc5 Bxc5 16. Nxc5 Bc8 17. Nd3 Nd7 18. Bh3 f6 19. g5 Nf8 20. Bxc8 Rxc8 21. Nc5 b6 22. Nb7 Ke7 23. Nd6 Rc7 24. gxf6+ gxf6 25. Nf5+ Kf7 26. Rd8 h5 27. Rhd1 Rh7 28. Nd6+ Ke7 29. Re8+ Kd7 30. Rxf8 Ke6 31. Nf5 Rcd7 32. Re8+ 1-0

[Event "Wch u20 girls"]
[Site "Kocaeli"]
[Date "2013.09.26"]
[Round "13.26"]
[White "Derakhshani, Dorsa"]
[Black "Tuzi, Bruna"]
[Result "1-0"]
[ECO "B33"]
[WhiteElo "2078"]
[BlackElo "1687"]
[PlyCount "53"]
[EventDate "2013.09.??"]
[EventType "swiss"]
[EventRounds "13"]
[EventCountry "TUR"]
[Source "CBase R.Goldau"]
[SourceDate "2000.03.01"]
[TimeControl "40/5400+30:1800+30"]

1. e4 c5 2. Nf3 Nc6 3. d4 cxd4 4. Nxd4 Nf6 5. Nc3 e5 6. Ndb5 d6 7. Bg5 a6 8. Na3 b5 9. Nd5 Be7 10. Bxf6 Bxf6 11. c4 b4 12. Nc2 a5 13. Qf3 O-O 14. Rd1 Bb7 15. g3 Bg5 16. h4 Bh6 17. g4 g6 18. Nf6+ Kh8 19. g5 Bg7 20.
c5 Bxf6 21. Rxd6 Qc7 22. Qxf6+ Kg8 23. h5 gxh5 24. Rxh5 Rad8 25.
Qh6 f6 26. Bc4+ Kh8 27. g6 1-0

[Event "Wch u20 girls"]
[Site "Kocaeli"]
[Date "2013.09.26"]
[Round "13.27"]
[White "Anjana Krishna, S."]
[Black "Anu, Bayar"]
[Result "1/2-1/2"]
[ECO "B07"]
[WhiteElo "1881"]
[BlackElo "2012"]
[PlyCount "98"]
[EventDate "2013.09.??"]
[EventType "swiss"]
[EventRounds "13"]
[EventCountry "TUR"]
[Source "CBase R.Goldau"]
[SourceDate "2000.03.01"]
[TimeControl "40/5400+30:1800+30"]

1. e4 c5 2. c3 d6 3. d4 Nf6 4. Bd3 Nc6 5. Nf3 Bg4 6. d5 Ne5 7. Nxe5 dxe5 8.
f3 Bd7 9. O-O g6 10. Na3 Bg7 11. Be3 b6 12. Qd2 O-O 13. Rad1 e6 14. Bh6 a6 15. Bxg7 Kxg7 16. Nc4 exd5 17. Nxe5 Be6 18. Qe1 Qc7 19. exd5 Bxd5 20. c4 Rae8 21. f4 Ba8 22. Qc3 Kg8 23. Rde1 Qb7 24. Rf2 Re7 25. h3 Rfe8 26. Ree2 Rf8 27. f5 g5 28. Nf3 Rxe2 29. Rxe2 Nh5 30. Re1 Qc7 31. Be4 Qg3 32. Bxa8 Rxa8 33. Nh2 Qxc3 34. bxc3 Rd8 35. Nf3 h6 36. Kf2 Kg7 37. Rb1 Rd6 38. Rb2 Nf4 39. Ke3 Kf6 40.
Ke4 Nh5 41. g4 Nf4 42. h4 b5 43. hxg5+ hxg5 44. Rd2 Rxd2 45. Nxd2 Ke7 46. Kf3 Nd3 47. Ke4 Nf4 48. Kf3 Nd3 49. Ke4 Nf4 1/2-1/2

[Event "Wch u20 girls"]
[Site "Kocaeli"]
[Date "2013.09.26"]
[Round "13.28"]
[White "Miladinovic, Lena"]
[Black "Ichimura G Barbosa, Larissa Y"]
[Result "1-0"]
[ECO "E97"]
[WhiteElo "2080"]
[BlackElo "1868"]
[PlyCount "59"]
[EventDate "2013.09.??"]
[EventType "swiss"]
[EventRounds "13"]
[EventCountry "TUR"]
[Source "CBase R.Goldau"]
[SourceDate "2000.03.01"]
[TimeControl "40/5400+30:1800+30"]

1. d4 Nf6 2. Nf3 g6 3. c4 Bg7 4. Nc3 O-O 5. e4 d6 6. Be2 e5 7. O-O Nc6 8.
d5 Ne7 9. Kh1 Ne8 10. Ne1 f5 11. exf5 gxf5 12. f4 Nf6 13. fxe5 dxe5 14. Nd3 Ng6 15. Bg5 Bd7 16. Nc5 Qc8 17. Nxd7 Qxd7 18. c5 h6 19. Bxf6 Rxf6 20. Qb3 Rb8 21. d6+ Kh7 22. Nd5 cxd6 23. Nxf6+ Bxf6 24. Rad1 Qg7 25. Rxd6 Rg8 26. Bc4 Rf8 27. Be6 Be7 28. Rd7 f4 29. Qxb7 Qf6 30. Bd5 1-0

[Event "Wch u20 girls"]
[Site "Kocaeli"]
[Date "2013.09.26"]
[Round "13.29"]
[White "Racki, Barbara"]
[Black "Fuentes Godoy, Lilia Ivonne"]
[Result "1-0"]
[ECO "B01"]
[WhiteElo "1946"]
[BlackElo "1836"]
[PlyCount "40"]
[EventDate "2013.09.??"]
[EventType "swiss"]
[EventRounds "13"]
[EventCountry "TUR"]
[Source "CBase R.Goldau"]
[SourceDate "2000.03.01"]
[TimeControl "40/5400+30:1800+30"]

1. e4 d5 2. exd5 Qxd5 3. Nc3 Qd8 4. d4 Nf6 5. Bc4 e6 6. Nf3 a6 7. Qe2 Be7 8. Bf4 O-O 9. O-O-O Nd5 10. Nxd5 exd5 11. Bd3 Nc6 12. a3 Bg4 13.
h3 Nxd4 14. Bxh7+ Kh8 15. Rxd4 Bxf3 16. Qxf3 Kxh7 17. Rxd5 Qc8 18. Qe4+ Kg8 19. Qxe7 Re8 20. Qd7 Qd8 1-0

[Event "Wch u20 girls"]
[Site "Kocaeli"]
[Date "2013.09.26"]
[Round "13.30"]
[White "Leonardi, Caterina"]
[Black "Shyngys Kyzy, Aijarkyn"]
[Result "1/2-1/2"]
[ECO "D47"]
[WhiteElo "1936"]
[BlackElo "1780"]
[PlyCount "76"]
[EventDate "2013.09.??"]
[EventType "swiss"]
[EventRounds "13"]
[EventCountry "TUR"]
[Source "CBase R.Goldau"]
[SourceDate "2000.03.01"]
[TimeControl "40/5400+30:1800+30"]

1. d4 Nf6 2. c4 c6 3. Nc3 d5 4. Nf3 e6 5. e3 Nbd7 6. Be2 dxc4 7. Bxc4 b5 8.
Bb3 a6 9. O-O c5 10. d5 exd5 11. Nxd5 Bb7 12. e4 c4 13. Bc2 Bc5 14. Bg5 h6 15. Bh4 O-O 16. b3 Bxd5 17. exd5 c3 18. Qd3 b4 19. Rad1 Re8 20. Nd4 Qb6 21. Nf5 Ne5 22. Qg3 Nh5 23. Qh3 Nf4 24. Ne7+ Bxe7 25. Qf5 Ne2+ 26. Kh1 Bxh4 27. Qh7+ Kf8 28. d6 Ng6 29. f4 Nexf4 30.
Rxf4 Bf6 31. Rxf6 gxf6 32. Qxh6+ Kg8 33. Bxg6 fxg6 34. Qxg6+ Kh8 35. Qh6+ Kg8 36. Qg6+ Kh8 37. Qh6+ Kg8 38. Qg6+ Kh8 1/2-1/2